 Dungeon Crawl Stone Soup version 0.24.0-1-gfbc8707122 (webtiles) character file.

Game seed: 12644535950286014559, levelgen mode: deterministic

41 Looknius the Skirmisher (level 3, 0/35 HPs)
             Began as a Gnoll Abyssal Knight on Oct 28, 2019.
             Was a Follower of Lugonu.
             Slain by a hobgoblin
             ... wielding a +0 club
              (1 damage)
             ... on level 3 of the Dungeon.
             The game lasted 00:07:26 (1614 turns).

Looknius the Skirmisher (Gnoll Abyssal Knight)      Turns: 1614, Time: 00:07:26

Health: 0/35       AC:  8    Str: 16 (18) XL:     3   Next: 52%
Magic:  6/6        EV: 11    Int: 13 (14) God:    Lugonu [*.....]
Gold:   80         SH:  0    Dex: 11 (14) Spells: 3/3 levels left

rFire    . . .     SeeInvis .   a - +1 spear
rCold    . . .     Gourm    .   (no shield)
rNeg     . . .     Faith    .   l - +0 ring mail
rPois    .         Spirit   .   (no helmet)
rElec    .         Reflect  .   (no cloak)
rCorr    .         Harm     .   j - +0 pair of gloves (curse)
MR       .....                  (no boots)
Stlth    +.........             (no amulet)
HPRegen  0.11/turn              f - +3 ring of strength
MPRegen  0.10/turn              e - +1 ring of protection

@: flying
A: distributed training, fangs 1, strong nose
a: Depart the Abyss, Renounce Religion


You were on level 3 of the Dungeon.
You worshipped Lugonu.
Lugonu was aware of your devotion.
You were not hungry.

You visited 1 branch of the dungeon, and saw 3 of its levels.
You visited the Abyss 1 time.

You collected 80 gold pieces.

Inventory:

Hand Weapons
 a - a +1 spear (weapon)
Armour
 b - a +0 leather armour
 j - a cursed +0 pair of gloves (worn)
 l - a +0 ring mail (worn)
Jewellery
 e - a +1 ring of protection (right hand)
 f - a +3 ring of strength (left hand)
Scrolls
 d - a scroll of remove curse
 i - 2 scrolls of teleportation {unknown}
 k - a scroll of fear {unknown}
 m - a scroll of blinking {unknown}
Comestibles
 c - 3 rations


   Skills:
 + Level 6.5 Fighting
 + Level 0.8 Short Blades
 + Level 0.8 Long Blades
 + Level 0.8 Axes
 + Level 0.8 Maces & Flails
 + Level 4.5 Polearms
 + Level 0.8 Staves
 + Level 0.8 Slings
 + Level 0.8 Bows
 + Level 0.8 Crossbows
 + Level 0.8 Throwing
 + Level 4.5 Armour
 + Level 2.6 Dodging
 + Level 0.8 Stealth
 + Level 0.8 Shields
 + Level 0.8 Unarmed Combat
 + Level 0.8 Spellcasting
 + Level 0.5 Conjurations
 + Level 0.5 Hexes
 + Level 0.5 Charms
 + Level 0.5 Summonings
 + Level 0.5 Necromancy
 + Level 0.5 Translocations
 + Level 0.5 Transmutations
 + Level 0.5 Fire Magic
 + Level 0.5 Ice Magic
 + Level 0.5 Air Magic
 + Level 0.5 Earth Magic
 + Level 0.5 Poison Magic
 + Level 4.6 Invocations
 + Level 0.8 Evocations


You had 3 spell levels left.
You didn't know any spells.
Your spell library was empty.

Dungeon Overview and Level Annotations

Branches:
Dungeon (3/15)

Altars:


Innate Abilities, Weirdness & Mutations

Your experience applies equally to all skills.
You have very sharp teeth.
Your uncanny sense of smell can sniff out nearby items.


Message History

Okay, then.
Remove which piece of jewellery? (? for menu, Esc to quit)
Okay, then.
Okay, then.
Okay, then.
A worm comes into view.
Found 12 gold pieces.
The hobgoblin hits you but does no damage.
The gnoll barely misses you. The hobgoblin hits you with a +0 club.
* * * LOW HITPOINT WARNING * * *
There is a stone staircase leading down here.
Unknown command.
The kobold hits you but does no damage. The gnoll hits you but does no damage.
The hobgoblin barely misses you.
You fly downwards.
There is a stone staircase leading up here.
The kobold hits you but does no damage.
The hobgoblin hits you but does no damage.
The hobgoblin hits you with a +0 club.
You die...

∆ ## .# #####.#
#.....#
#.#####.g...#
.......@Kg..#
#.#########......
##### ∆


You could see a gnoll, a hobgoblin and a kobold.

Vanquished Creatures
  2 gnolls (D:2)
  A leopard gecko (D:1)
  A giant cockroach (D:1)
  4 goblins (D:1)
  3 hobgoblins (D:1)
  3 bats (D:1)
  4 frilled lizards (D:1)
  3 kobolds (D:1)
  A rat (D:1)
22 creatures vanquished.

Notes
Turn   | Place    | Note
-------+----------+-------------------------------------------
     0 | Abyss:1  | Looknius the Gnoll Abyssal Knight began the quest for the
                  | Orb.
     0 | Abyss:1  | Reached XP level 1. HP: 23/23 MP: 3/3
    45 | Abyss:1  | Noticed a guardian serpent
    50 | Abyss:1  | Noticed a tentacled starspawn
    51 | D:1      | Escaped the Abyss
   785 | D:1      | Reached XP level 2. HP: 29/29 MP: 5/5
   877 | D:1      | Reached * piety under Lugonu
  1585 | D:2      | Reached XP level 3. HP: 33/35 MP: 6/6
  1604 | D:2      | HP: 1/35 [gnoll (6)]
  1610 | D:2      | HP: 1/35 [hobgoblin/+0 club (1)]
  1614 | D:3      | Slain by a hobgoblin

Levels and vault maps discovered:
D:1:      matt_arrival_los_fun, layout_basic
D:2:      layout_rooms, gammafunk_temple_overflow_wave, uniq_jessica
D:3:      layout_basic, uniq_ijyb

Action                   || total
-------------------------++-------
Melee: Spear             ||    75
       Bite              ||     9
Invok: Depart the Abyss  ||     1
  Use: Scroll            ||     2
       Potion            ||     2
  Eat: Ration            ||     1
       Chunk             ||     1
Armor: Leather armour    ||    18
       Ring mail         ||    18
Dodge: Dodged            ||    74
